cohdb
Replays
Latest Replays
All Replays
Popular Replays
Top Player Replays
Match Explorer
How It Works
Community
CoH3 Stats
Reddit
Sign in to upload your games and track your stats! →
Sign in with Steam
Match 41319118
Unlisted
Match 41319118
Overview
Messages
Build Orders
End
Kradschützen Motorcycle Team
Selects Italian Combined Arms Battlegroup
Selects Bersaglieri Squad
Bersaglieri Squad
Bersaglieri Squad
Construct Light Support Kompanie
Bersaglieri Squad
Selects Bersaglieri Bolster
2.5-tonne Medical Truck
Fire Support Elements
Flakvierling Half-track
Selects Breda Model 30 Light Machine Guns
Panzerjäger Mechanized Group
Selects Semovente da 75/18 Assault Gun
Semovente da 75/18 Assault Gun
SEEETH777
Jesulin
0
0
Comments
sign in to comment!
No comments posted yet!